 Dungeon Crawl Stone Soup version 0.31.0-11-ge490571c62 (webtiles) character file.

Game seed: 8745031671585906995

2300 olmar the Frost Mage (level 8, -2/57 HPs)
             Began as a Demigod Ice Elementalist on Jan 28, 2024.
             Killed from afar by an electric eel (14 damage)
             ... with a bolt of electricity
             ... on level 6 of the Dungeon.
             The game lasted 00:13:59 (8185 turns).

olmar the Frost Mage (Demigod Ice Elementalist)     Turns: 8185, Time: 00:14:00

Health: -2/57      AC:  7    Str:  9    XL:     8   Next: 97%
Magic:  20/23      EV: 11    Int: 25    God:
Gold:   396        SH:  0    Dex: 14    Spells: 11/21 levels left

rFire   + . .        (no weapon)
rCold   . . .        (no shield)
rNeg    . . .        C - +2 leather armour "Onuatedgh" {rPois Will++ rCorr}
rPois   +            p - +0 helmet
rElec   .            (no cloak)
rCorr   +            j - +0 pair of gloves
SInv    .            (no boots)
Will    ++...        (no amulet)
Stlth   ++           o - ring of protection from fire
HPRegen 0.29/turn    (no ring)
MPRegen 0.18/turn

%: no passive effects
@: no status effects
A: high MP 1, forlorn, divine attributes
a: no special abilities


You were on level 6 of the Dungeon.
You visited 1 branch of the dungeon, and saw 6 of its levels.
You also visited: Sewer.

You collected 396 gold pieces.

Inventory:

Hand Weapons
 z - a +2 glaive of distortion
Armour
 a - a +0 robe
 j - a +0 pair of gloves (worn)
 p - a +0 helmet (worn)
 C - the +2 leather armour "Onuatedgh" (worn) {rPois Will++ rCorr}
   (You found it on level 6 of the Dungeon)

   rPois:     It protects you from poison Will++: It greatly increases your
   willpower.
   rCorr:     It protects you from acid and corrosion.
Jewellery
 o - a ring of protection from fire (left hand)
Talismans
 y - a maw talisman
Wands
 f - a wand of flame (29)
Scrolls
 c - a scroll of fear {unknown}
 d - 5 scrolls of teleportation
 l - a scroll of enchant armour {unknown}
 m - 2 scrolls of revelation
 s - a scroll of amnesia {unknown}
 v - a scroll of vulnerability {unknown}
 A - a scroll of fog
Potions
 b - a potion of magic
 e - 3 potions of curing
 g - a potion of cancellation {unknown}
 h - 2 potions of brilliance {unknown}
 i - a potion of resistance
 k - 2 potions of heal wounds
 n - 2 potions of might {unknown}
 q - 2 potions of haste {unknown}
 r - 3 potions of invisibility
 t - a potion of mutation {unknown}
 u - a potion of ambrosia {unknown}
 w - 2 potions of degeneration {unknown}
 x - a potion of lignification {unknown}
 B - a potion of enlightenment {unknown}
 D - a potion of attraction {unknown}


   Skills:
 + Level 0.6 Armour
 - Level 1.7 Dodging
 - Level 1.7 Stealth
 + Level 7.4 Spellcasting
 + Level 1.1 Summonings
 + Level 8.6 Ice Magic


You had 11 spell levels left.
You knew the following spells:

 Your Spells              Type           Power      Damage    Failure   Level
a - Freeze                Ice            100%       1d10      1%          1
b - Frozen Ramparts       Ice            100%       1d16      1%          3
c - Ozocubu's Armour      Ice            51%        N/A       1%          3
d - Summon Ice Beast      Ice/Summ       33%        N/A       3%          3

Your spell library contained the following spells:

 Spells                   Type           Power      Damage    Failure   Level


Dungeon Overview and Level Annotations

Branches:
Dungeon (6/15)             Temple (0/1) D:4           Sewer (visited)

Shops:
D:1 *   D:4 =

Annotations:
D:2 Sigmund


Innate Abilities, Weirdness & Mutations

You have an increased reservoir of magic. (+10% MP)
You shall have no god before yourself.
Your divine heritage dramatically boosts your attributes as you level up.


Message History

The wall freezes the howler monkey!
Unknown command.
Unknown command.
You freeze the howler monkey!
You kill the howler monkey!
Unknown command.
The frozen ramparts melt away.
You open the door.
There are monsters nearby!
There are monsters nearby!
There are monsters nearby!
There is an open door here.
The electric eel shoots out a bolt of lightning at you!
The bolt of electricity hits you.
The electric eel shoots out a bolt of lightning at you!
The bolt of electricity hits you! The bolt of electricity hits you.
The electric eel shoots out a bolt of lightning at you!
The bolt of electricity hits the plant!
The plant begins to die.
The bolt of electricity hits you!
The electric eel shoots out a bolt of lightning at you!
The bolt of electricity hits the plant!
The plant begins to die.
The bolt of electricity hits the plant!
The bolt of electricity hits you!
Casting: Freeze (safe; 1% risk of failure)
Confirm with . or Enter, or press ? or * to list all spells.
Casting: Frozen Ramparts (safe; 1% risk of failure)
Press: ? - help, Dir - look around, f - activate The walls around you are covered in ice.
The electric eel shoots out a bolt of lightning at you!
The bolt of electricity hits the plant! x2; The bolt of electricity misses you.
The wall freezes the electric eel but does no damage.
The electric eel shoots out a bolt of lightning at you!
The bolt of electricity hits you! The bolt of electricity hits you.
* * * LOW HITPOINT WARNING * * *
Okay, then.
Okay, then.
The frozen ramparts melt away as you move.
The electric eel shoots out a bolt of lightning at you!
The bolt of electricity hits the plant!
The bolt of electricity misses you. The bolt of electricity hits you!
You die...

##.#.#####..#..###...........#...
#..##.###.....##.########...###..
#...#.#.......#.. .P/$≈##'## ##.
#..#..#.....###.# .PP.SS#.# ##
##....##....#.#~# ..../S#.#
##...##...<.##~# ...~≈≈#.# #
##..##.##..#~~# .~~$≈##~#
###..#...##.##~##########~## .. #
.##..##.....#..#@.S..≈##~## ..##
....###.....#.#'..P~S≈≈#)# ...
#######....##~#....P~?≈#.# #.
#.##..#.##~#...PP?S≈#.# . ##. #
##........#~##....!≈##.# ..#..
###...#.....##~########.## .....
.....#..##...##....~~)~### .....
...##..####...##########.# .....
######## ##.....#.###...# ###..


You could see 3 electric eels.

Vanquished Creatures
  3 yaks (D:6)
  A steam dragon (D:6)
  An ice beast (D:6)
  2 black bears (D:5)
  An ogre (D:6)
  A phantom (D:5)
  A bullfrog (D:6)
  2 scorpions
  2 howler monkeys (D:6)
  5 jellies
  2 hounds
  2 bombardier beetles
  A sleepcap (D:6)
  Jessica (D:3)
  3 iguanas
  Natasha (thrice) (D:3)
  Robin (D:3)
  2 river rats (Sewer)
  11 adders
  3 gnolls (D:2)
  2 ufetubi (D:6)
  3 ribbon worms
  12 orcs
  15 ball pythons
  15 endoplasms
  14 giant cockroaches
  13 goblins
  8 hobgoblins
  5 kobolds
  3 quokkas
  3 bats
  5 frilled lizards
  4 rats
150 creatures vanquished.

Vanquished Creatures (collateral kills)
  Prince Ribbit (D:5)
  A howler monkey (D:6)
  A hound (D:6)
  An orc priest (D:3)
4 creatures vanquished.

Grand Total: 154 creatures vanquished

Notes
Turn   | Place    | Note
-------+----------+-------------------------------------------
     0 | D:1      | olmar the Demigod Ice Elementalist began the quest for the
                  | Orb.
     0 | D:1      | Reached XP level 1. HP: 14/14 MP: 5/5
   298 | D:1      | Reached skill level 4 in Ice Magic
   298 | D:1      | Reached XP level 2. HP: 20/20 MP: 5/7
   690 | D:1      | Found Vafe Vin's General Store.
   933 | D:2      | Noticed Sigmund
  1227 | D:2      | Reached XP level 3. HP: 26/26 MP: 2/9
  1424 | D:2      | Learned a level 3 spell: Frozen Ramparts
  1582 | D:2      | Reached XP level 4. HP: 23/33 MP: 0/11
  1624 | D:2      | Learned a level 3 spell: Ozocubu's Armour
  1975 | D:3      | Killed Jessica
  2013 | D:3      | Noticed Robin
  2022 | D:3      | Killed Robin
  2115 | D:3      | Reached skill level 5 in Ice Magic
  2254 | D:3      | Found a glowing drain.
  2278 | Sewer    | Entered a sewer
  2328 | Sewer    | Reached XP level 5. HP: 38/38 MP: 4/13
  2774 | Sewer    | Reached XP level 6. HP: 35/45 MP: 11/15
  2856 | D:3      | Learned a level 3 spell: Summon Ice Beast
  3106 | D:3      | Noticed Natasha
  3110 | D:3      | Killed Natasha
  3139 | D:3      | Noticed Natasha
  3143 | D:3      | Killed Natasha
  3356 | D:3      | Noticed Natasha
  3360 | D:3      | Killed Natasha
  4088 | D:4      | Reached skill level 6 in Ice Magic
  4228 | D:4      | Found Busuigh's Jewellery Shoppe.
  4460 | D:4      | Identified the +1 falchion of the Land of Plenty {freeze,
                  | rN+}
  4495 | D:4      | Found a staircase to the Ecumenical Temple.
  4918 | D:4      | Reached skill level 5 in Spellcasting
  4918 | D:4      | Reached XP level 7. HP: 48/50 MP: 13/17
  5122 | D:5      | Entered Level 5 of the Dungeon
  5189 | D:5      | Noticed Prince Ribbit
  5198 | D:5      | Killed Prince Ribbit
  5313 | D:5      | Reached skill level 7 in Ice Magic
  6284 | D:6      | Reached XP level 8. HP: 52/57 MP: 12/20
  6924 | D:6      | Identified the +2 leather armour "Onuatedgh" {rPois Will++
                  | rCorr}
  7050 | D:6      | Reached skill level 8 in Ice Magic
  7507 | D:6      | Reached skill level 1 in Summonings
  8185 | D:6      | Killed from afar by an electric eel

Illustrated notes

Levels and vault maps discovered:
D:1:      minmay_arrival_shattered_statue, layout_loops_ring, serial_shops,
          nicolae_shop_rolling_square, chequers_garden
D:2:      layout_basic, hellmonk_ecumenical_altar_pennies_from_heaven,
          uniq_sigmund
D:3:      layout_loops_ring, grunt_temple_overflow_cloverleaf,
          portal_sewer_entry_f, uniq_robin, uniq_jessica, uniq_natasha
D:4:      layout_basic, grunt_qazlal_sundering, minmay_temple_entry_overgrown,
          serial_shops, shop, chequers_avenue, kennysheep_doodads,
          grunt_ministairs_12, kennysheep_another_room, minivault_25,
          due_unseen_surprise
D:5:      layout_gridville, grunt_gozag_breadcrumbs, uniq_prince_ribbit1
D:6:      cheibrodos_two_vegetables, layout_layer_cave

Skill      XL: |  1  2  3  4  5  6  7  8 |
---------------+-------------------------+-----
Spellcasting   | 2 3 4 5 6 7 |  7.4
Ice Magic      | 4 5 6 7 8 |  8.6
Summonings     | 1 |  1.1
Armour         | |  0.6
Dodging        | |  1.7
Stealth        | |  1.7

Action                     |  1- 3 |  4- 6 |  7- 9 || total
---------------------------+-------+-------+-------++-------
  Melee: Unarmed           |     4 |     6 |    36 ||    46
         Punch             |       |       |     1 ||     1
   Cast: Freeze            |    46 |    91 |    61 ||   198
         Frozen Ramparts   |     1 |    24 |    22 ||    47
         Ozocubu's Armour  |       |    12 |    18 ||    30
         Summon Ice Beast  |       |     1 |    10 ||    11
  Evoke: Wand              |       |       |     9 ||     9
    Use: Scroll            |     1 |     4 |     2 ||     7
         Potion            |       |     1 |       ||     1
 Armour: Robe              |    23 |    55 |    59 ||   137
         Leather armour    |       |       |    23 ||    23
  Dodge: Dodged            |    24 |    53 |    69 ||   146
